 Dungeon Crawl Stone Soup version 0.29-a0-219-g0a02b1cf4f (console) character file.

Game seed: 8978656083406693723

837 jejorda2 the Archer (level 7, -5/40 HPs)
             Began as a Tengu Hunter on Feb 25, 2022.
             Was an Initiate of Okawaru.
             Slain by a scorpion (6 damage)
             ... on level 6 of the Dungeon.
             The game lasted 00:13:15 (5716 turns).

jejorda2 the Archer (Tengu Hunter)                  Turns: 5716, Time: 00:13:16

Health: -5/40      AC:  9    Str: 12    XL:     7   Next: 99%
Magic:  8/8        EV: 16    Int: 12    God:    Okawaru [......]
Gold:   105        SH:  0    Dex: 16    Spells: 6/6 levels left

rFire   . . .      SeeInvis .   a - +2 shortbow (vorpal)
rCold   + . .      Faith    .   (shield currently unavailable)
rNeg    . . .      Spirit   .   g - +3 leather armour {rC+}
rPois   .          Reflect  .   (helmet restricted)
rElec   .          Harm     .   (no cloak)
rCorr   .          Rampage  .   n - +2 pair of gloves
Will    .....                   (boots unavailable)
Stlth   ++........              (no amulet)
HPRegen 0.13/turn               (no ring)
MPRegen 0.11/turn               (no ring)

@: flying quickly and evasively, quick
A: beak, talons 3, nimble flight
a: Renounce Religion


You were on level 6 of the Dungeon.
You worshipped Okawaru.
Okawaru was noncommittal.
You visited 2 branches of the dungeon, and saw 7 of its levels.

You collected 235 gold pieces.
You spent 130 gold pieces at shops.

Inventory:

Hand Weapons
 a - a +2 vorpal shortbow (weapon)
Missiles
 i - 7 javelins
Armour
 g - a +3 leather armour of cold resistance (worn)
 n - a +2 pair of gloves (worn)
Scrolls
 e - a scroll of amnesia
 j - 2 scrolls of identify
Potions
 b - a potion of curing
 c - a potion of might {unknown}
 d - a potion of attraction {unknown}
 h - a potion of berserk rage {unknown}
 k - a potion of degeneration {unknown}
 l - a potion of haste {unknown}


   Skills:
 + Level 2.5 Fighting
 * Level 8.8 Bows
 + Level 4.5 Dodging
 - Level 3.0 Stealth
 + Level 1.2 Invocations


You had 6 spell levels left.
You didn't know any spells.
Your spell library contained the following spells:

 Spells                   Type           Power      Damage    Failure   Level
 Apportation              Tloc           0%         N/A       38%         1
 Ensorcelled Hibernation  Hex/Ice        0%         N/A       54%         2
 Passwall                 Tmut/Erth      0%         N/A       54%         2
 Sublimation of Blood     Necr           0%         N/A       54%         2
 Inner Flame              Hex/Fire       0%         N/A       77%         3
 Swiftness                Air            0%         N/A       77%         3
 Cause Fear               Hex            0%         N/A       99%         4
 Petrify                  Tmut/Erth      0%         N/A       99%         4
 Alistair's Intoxication  Tmut/Pois      0%         N/A       100%        5
 Irradiate                Conj/Tmut      0%         3d13      100%        5
 Discord                  Hex            0%         N/A       100%        8


Dungeon Overview and Level Annotations

Branches:
Dungeon (6/15)             Temple (1/1) D:5

Altars:
Cheibriados
Dithmenos
Elyvilon
Gozag
Hepliaklqana
Kikubaaqudgha
Makhleb
Okawaru
Qazlal
Trog
Uskayaw
Vehumet
Wu Jian
Zin
The Shining One
Beogh

Shops:
D:2 [   D:4 :   D:5 (

Annotations:
D:3 3 runed translucent doors, Dazliare's ghost, amateur HOWz
D:4 Pargi


Innate Abilities, Weirdness & Mutations

You have a beak for a mouth.
You have claws for feet.
Your magical nature lets you fly swiftly and evasively.


Message History

It was a scroll of blinking.
An orc warrior and a scorpion come into view.
The orc warrior shouts!
You hear a shout!
You shoot an arrow. The arrow hits the orc warrior.
The orc warrior is moderately wounded.
An orc comes into view. It is wielding a +0 short sword.
You shoot an arrow.
The arrow completely misses the orc warrior.
The arrow closely misses the orc.
You shoot an arrow. The arrow hits the orc warrior!
The orc warrior is severely wounded.
There is a stone staircase leading up here.
You shoot an arrow.
The arrow barely misses the orc warrior.
The arrow hits the orc.
The orc is severely wounded.
You shoot an arrow.
The arrow hits the orc warrior but does no damage.
The orc warrior is heavily wounded.
An orc comes into view. It is wielding a +0 dagger.
You shoot an arrow. The arrow barely misses the scorpion.
The scorpion closely misses you.
You shoot an arrow. The arrow hits the scorpion.
The scorpion is moderately wounded.
The scorpion misses you. The orc warrior completely misses you.
The scorpion misses you.
You shoot an arrow. The arrow hits the scorpion.
The scorpion is heavily wounded.
The scorpion closely misses you.
The orc warrior hits you from afar with a +0 trident!
An orc priest comes into view. It is wielding a +0 club.
The orc priest mumbles some strange prayers to Beogh against you.
Pain shoots through your body!
The orc priest calls down the wrath of Beogh upon you.
Pain shoots through your body!
* * * LOW HITPOINT WARNING * * *
There is a stone staircase leading up here.
You can't go down here!
The scorpion stings you.
You die...

......#.....## ####..... .
.............$#.###....## ..
............#...........# ...
.....F.......# ..##.#....# ...#
###...##.......##.###......)
.....
.....##......##...##......†
#..##.....##......#....#.......
#....................#........
#..........@.......#........
##.........s.......#.....#.#
####........o...#.........###
#..........o..o.#..........#
#.#####.....##.......#.#..###
#.# #..##.#....##..###.##.# #.#
###o..o....###..#.....# #.#
#....o.....##.........
#.#########........#....#...#


You could see an orc warrior, a bullfrog (wandering), a scorpion, an orc priest
and an orc.

Vanquished Creatures
  A water moccasin (D:5)
  A black bear (D:6)
  An ogre (D:4)
  A centaur (D:6)
  A jelly (D:4)
  2 hounds (D:5)
  An orc priest (D:4)
  Terence (D:1)
  4 iguanas
  2 orc wizards
  8 adders
  An ufetubus (D:6)
  5 worms
  3 dart slugs
  7 orcs
  7 endoplasms
  3 giant cockroaches
  5 goblins
  9 hobgoblins
  5 jackals
  5 kobolds
  5 quokkas
  11 ball pythons
  7 bats
  3 frilled lizards
  3 rats
102 creatures vanquished.

Notes
Turn   | Place    | Note
-------+----------+-------------------------------------------
     0 | D:1      | jejorda2 the Tengu Hunter began the quest for the Orb.
     0 | D:1      | Reached XP level 1. HP: 12/12 MP: 2/2
    75 | D:1      | Reached XP level 2. HP: 1/17 MP: 3/3
   735 | D:1      | Reached skill level 5 in Bows
   767 | D:1      | Reached XP level 3. HP: 17/21 MP: 4/4
  1328 | D:2      | Found Jadwo's Antique Armour Boutique.
  1347 | D:2      | Noticed Terence
  1526 | D:1      | Killed Terence
  1527 | D:1      | Reached XP level 4. HP: 24/26 MP: 5/5
  1650 | D:2      | Found a glowing golden altar of the Shining One.
  1843 | D:2      | Reached skill level 6 in Bows
  2145 | D:3      | Found a runed translucent gate.
  2145 | D:3      | Found a runed translucent gate.
  2146 | D:3      | Found a runed translucent gate.
  2149 | D:3      | Found a hide-covered altar of Uskayaw.
  2151 | D:3      | Noticed Dazliare's ghost (amateur HOWz)
  2481 | D:3      | Gained mutation: Your magical nature lets you fly swiftly
                  | and evasively. [Tengu growth]
  2481 | D:3      | Reached XP level 5. HP: 30/30 MP: 6/6
  2569 | D:3      | Found a faded altar of an unknown god.
  3070 | D:2      | Bought a glowing leather armour for 130 gold pieces
  3253 | D:4      | Noticed an ogre
  3278 | D:4      | Killed an ogre
  3279 | D:4      | Reached skill level 7 in Bows
  3279 | D:4      | Reached XP level 6. HP: 35/35 MP: 7/7
  4301 | D:4      | Found Qaep's Book Shop.
  4334 | D:4      | Noticed Pargi
  4480 | D:4      | Reached XP level 7. HP: 40/40 MP: 8/8
  4562 | D:5      | Entered Level 5 of the Dungeon
  4629 | D:5      | Reached skill level 8 in Bows
  4817 | D:5      | Found a staircase to the Ecumenical Temple.
  4825 | Temple   | Entered the Ecumenical Temple
  4995 | Temple   | Became a worshipper of Warmaster Okawaru
  5081 | D:5      | Found a radiant altar of Vehumet.
  5081 | D:5      | Found a snail-covered altar of Cheibriados.
  5082 | D:5      | Found an ornate altar of the Wu Jian Council.
  5371 | D:5      | Found Zuefiq's Weapon Shoppe.
  5624 | D:6      | Reached skill level 1 in Invocations
  5714 | D:6      | HP: 1/40 [orc priest/nerve-wracking pain (14)]
  5716 | D:6      | Slain by a scorpion

Illustrated notes

Levels and vault maps discovered:
D:1:      nzn_arrival_settlement, layout_basic
D:2:      wander_river, layout_basic, serial_shops,
          nicolae_shop_temple_entry_statues_fountains, basic_altar,
          grunt_ministairs_13, minmay_tromino_i4, uniq_terence
D:3:      layout_loops_ring, mainiacjoe_overflow_cross_hatched,
          basic_ecumenical_altar, biasface_ghost_orc_armoury,
          nrook_loot_triangle
D:4:      layout_loops_ring, kennysheep_windowed_goal, uniq_pargi
D:5:      layout_cave_pools, gammafunk_temple_overflow_claw, serial_shops, shop
D:6:      layout_cave_pools, minmay_misc_feat_hallway,
          kennysheep_generic_room_10, uniq_menkaure
Temple:   minmay_temple_curvy_branch

Skill      XL: |  1  2  3  4  5  6  7 |
---------------+----------------------+-----
Bows           | 5 6 7 8 |  8.8
Stealth        | 2 3 |  3.0
Dodging        | 3 4 |  4.5
Invocations    | 1 |  1.2
Fighting       | |  2.5

Action                   |  1- 3 |  4- 6 |  7- 9 || total
-------------------------+-------+-------+-------++-------
Melee: Shortbow          |       |     1 |       ||     1
 Fire: Shortbow          |    92 |   204 |    66 ||   362
  Use: Scroll            |       |     6 |     5 ||    11
       Potion            |       |     2 |       ||     2
Armor: Leather armour    |    15 |    18 |     3 ||    36
Dodge: Dodged            |    39 |    38 |    34 ||   111

Table legend: (Time is in decaauts)
 A = Elapsed time spent in this place.
 B = Non-inter-level travel time spent in this place.
 C = Inter-level travel time spent in this place.
 D = Time resting spent in this place.
 E = Time spent auto-exploring this place.
 F = Levels seen in this place.
 G = Mean time per level.
                   A        B        C        D        E       F      G
               +--------+--------+--------+--------+--------+-----+--------+
         Total |   5574 |   5298 |    276 |    176 |   4311 |   7 |  796.3 |
       Dungeon |   5396 |   5143 |    253 |    176 |   4164 |   6 |  899.3 |
        Temple |    177 |    154 |     23 |      0 |    147 |   1 |  177.0 |
               +--------+--------+--------+--------+--------+-----+--------+

Top non-repeatable levels by time:
     D:1: 1507 daAuts
     D:3: 1224 daAuts
     D:4: 936 daAuts
     D:2: 839 daAuts
     D:5: 741 daAuts
  Temple: 177 daAuts
     D:6: 147 daAuts
